 Dungeon Crawl Stone Soup version 0.17-a0-2127-g1cb09f6 (webtiles) character file.

65 septik the Covered (level 3, -1/34 HPs)
             Began as a Deep Dwarf Fighter on Oct 23, 2015.
             Slain by Sigmund
             ... wielding a +0 scythe
              (12 damage)
             ... on level 2 of the Dungeon.
             The game lasted 00:04:32 (1168 turns).

septik the Covered (Deep Dwarf Fighter)             Turns: 1168, Time: 00:04:32

Health: -1/34      AC:  9    Str: 25    XL:     3   Next: 92%
Magic:  3/3        EV:  6    Int:  8    God:
Gold:   58         SH: 10    Dex: 12    Spells: 0 memorised, 2 levels left

rFire  . . .     SeeInvis .     a - +0 war axe
rCold  . . .     Clarity  .     i - +0 chain mail
rNeg   . . .     SustAt   .     c - +0 shield
rPois  .         Gourm    .     (no helmet)
rElec  .         Spirit   .     (no cloak)
rCorr  .         Warding  .     (no gloves)
rMut   .         Stasis   .     (no boots)
MR     .....                    (no amulet)
Stlth  ..........               (no ring)
                                (no ring)

@: mighty, non-regenerating, not resistant to hostile enchantments, extremely
unstealthy
A: damage resistance, recharge devices, sense surroundings 1, slow regeneration
3
a: Device Recharging


You were on level 2 of the Dungeon.
You were not hungry.

You visited 1 branch of the dungeon, and saw 2 of its levels.

You collected 58 gold pieces.

Inventory:

Hand Weapons
 a - a +0 war axe (weapon)
Missiles
 n - 45 stones (quivered)
Armour
 b - a +0 scale mail
 c - a +0 shield (worn)
 i - a +0 chain mail (worn)
Wands
 e - a wand of heal wounds (4)
Scrolls
 h - 3 scrolls of fear {unknown}
 j - 3 scrolls of remove curse {unknown}
 k - a scroll of fog {unknown}
 l - 3 scrolls of identify {unknown}
 m - a scroll of random uselessness {unknown}
 q - a scroll of amnesia {unknown}
 s - a scroll of recharging {unknown}
Potions
 d - a potion of might
 g - 2 potions of curing {unknown}
 o - a potion of poison {unknown}
Comestibles
 f - 2 bread rations
 p - 4 fruits
 r - a chunk of flesh


   Skills:
 + Level 3.2 Fighting
 * Level 3.4 Axes
 + Level 3.7 Armour
 + Level 3.5 Shields


You had 2 spell levels left.
You didn't know any spells.

Dungeon Overview and Level Annotations

Branches:
Dungeon (2/15)

Altars:
Fedhas
Qazlal
Trog

Annotations:
D:2 Sigmund


Innate Abilities, Weirdness & Mutations

You are resistant to damage.
You can recharge devices by infusing magical energy.
You passively map a small area around you.
You do not regenerate naturally.


Message History

You barely miss something. Something hits you but does no damage.
You closely miss something. You slash the giant newt!
You kill the giant newt!
You hear some strange, mumbled words.
A magic dart appears from out of thin air!
The magic dart hits you! Something hits you but does no damage.
You barely miss something. You closely miss something.
You hear some strange, mumbled words.
Something tries to affect you, but you resist.
Something hits you but does no damage.
You closely miss something. You block its attack.
You closely miss something. Something hits you!
You miss something. You slice something!! Something hits you.
You miss something. Something hits you but does no damage.
You barely miss something. Something hits you.
Your shield and chain mail prevent you from hitting something.
Something hits you!
You die...

..>......#.#........#.#######.#<.
####.............................
#.###.#######......###.#.#.###
#.###...############...#.#....
#>..'...'.....................
#####...#### #...........##.
#.##########.##...........
#....)..†.##.##.)......###
#########@##.##........# # * ,
*#{##.##........# # ,, ,
#g##.##........# # , ,
#.##.##........# # *,
.........#.##........# # ,
.....#####.########### #
,*...#######.# ,, .g #......#
###### , , #......# #.....


You could see a goblin.

Vanquished Creatures
  Natasha (D:2)
  An adder (D:2)
  An ooze (D:2)
  A worm (D:2)
  4 hobgoblins (D:1)
  4 jackals (D:1)
  3 kobolds
  A ball python (D:1)
  3 bats
  2 giant newts
  3 goblins
  A rat (D:1)
25 creatures vanquished.

Notes
Turn   | Place    | Note
--------------------------------------------------------------
     0 | D:1      | septik the Deep Dwarf Fighter began the quest for the Orb.
     0 | D:1      | Reached XP level 1. HP: 20/20 MP: 1/1
     7 | D:1      | Noticed a dwarf
     9 | D:1      | Noticed a demigod
     9 | D:1      | Noticed a troll
    11 | D:1      | Noticed a minotaur
    11 | D:1      | Noticed a centaur
    13 | D:1      | Noticed a ghoul
    15 | D:1      | Noticed an octopode
    15 | D:1      | Noticed a human
    17 | D:1      | Noticed an elf
    17 | D:1      | Noticed a naga
    19 | D:1      | Noticed a felid
    19 | D:1      | Noticed a gargoyle
    21 | D:1      | Noticed a formicid
    21 | D:1      | Noticed a draconian
    25 | D:1      | Noticed a spriggan
    25 | D:1      | Noticed an ogre
    27 | D:1      | Noticed a tengu
    27 | D:1      | Noticed a demonspawn
    29 | D:1      | Noticed a merfolk
    29 | D:1      | Noticed a vine stalker
    31 | D:1      | Noticed a vampire
   262 | D:1      | Reached XP level 2. HP: 25/27 MP: 2/2
   689 | D:2      | Noticed Sigmund
   767 | D:2      | Found a blossoming altar of Fedhas.
   775 | D:2      | Reached XP level 3. HP: 19/34 MP: 3/3
   778 | D:2      | Found a stormy altar of Qazlal.
   806 | D:2      | Found a bloodstained altar of Trog.
   846 | D:2      | Noticed Natasha
   863 | D:2      | Killed Natasha
  1168 | D:2      | Slain by Sigmund

Vault maps used:
D:1:      kb_arrival_jail
D:2:      grunt_temple_overflow_forces_of_nature, trog_book, uniq_sigmund,
          uniq_natasha

Action                   || total
-------------------------++-------
Melee: War axe           ||   113
Evoke: Wand              ||     1
  Use: Potion            ||     1
  Eat: Chunk             ||     1
